 Dungeon Crawl Stone Soup version 0.29.1-13-g9f3cf754e1 (webtiles) character file.

Game seed: 16508341087372158008

788 hbarley the Covered (level 7, -2/61 HPs)
             Began as a Hill Orc Fighter on Feb 3, 2023.
             Was an Initiate of Hepliaklqana.
             Slain by a lemure (4 damage)
             ... led by Pikel
             ... on level 5 of the Dungeon.
             The game lasted 00:07:56 (4338 turns).

hbarley the Covered (Hill Orc Fighter)              Turns: 4338, Time: 00:07:57

Health: -2/61      AC: 19    Str: 19    XL:     7   Next: 87%
Magic:  7/7        EV:  7    Int:  8    God:    Hepliaklqana [......]
Gold:   131        SH:  5    Dex: 12    Spells: 6/6 levels left

rFire   . . .      SeeInvis .   a - +0 war axe
rCold   . . .      Faith    .   c - +0 buckler
rNeg    . . .      Spirit   .   y - +0 chain mail
rPois   .          Reflect  .   (no helmet)
rElec   .          Harm     .   (no cloak)
rCorr   .          Rampage  .   q - +0 pair of gloves
Will    .....                   (no boots)
Stlth   ..........              (no amulet)
HPRegen 0.20/turn               f - +4 ring of protection
MPRegen 0.10/turn               w - +4 ring of protection

@: no status effects
A: no striking features
a: Renounce Religion


You were on level 5 of the Dungeon.
You worshipped Hepliaklqana.
Hepliaklqana was noncommittal.
You visited 2 branches of the dungeon, and saw 6 of its levels.

You collected 131 gold pieces.

Inventory:

Hand Weapons
 a - a +0 war axe (weapon)
 n - the +10 mace "Doniqemi" {protect, Fly rElec Will-}
   (You took it off a goblin on level 2 of the Dungeon)

   It grants its wielder temporary protection when it strikes (+7 to AC).
   rElec:     It insulates you from electricity.
   Fly:       It grants you flight.
   Will:      It decreases your willpower.
Missiles
 p - 7 poisoned darts (quivered)
Armour
 b - a +0 scale mail
 c - a +0 buckler (worn)
 q - a +0 pair of gloves (worn)
 y - a +0 chain mail (worn)
Jewellery
 f - a +4 ring of protection (left hand)
 w - a +4 ring of protection (right hand)
Scrolls
 e - 2 scrolls of immolation
 h - a scroll of amnesia {unknown}
 i - a scroll of poison {unknown}
 j - 2 scrolls of noise {unknown}
 k - 2 scrolls of identify {unknown}
 l - a scroll of torment {unknown}
 m - 2 scrolls of enchant weapon {unknown}
 t - a scroll of vulnerability {unknown}
 u - a scroll of teleportation {unknown}
 x - a scroll of blinking {unknown}
Potions
 d - a potion of might
 g - 3 potions of mutation {unknown}
 o - 2 potions of flight {unknown}
 r - 2 potions of attraction {unknown}
 s - a potion of cancellation {unknown}
 v - a potion of haste {unknown}
 z - a potion of curing {unknown}


   Skills:
 + Level 5.1 Fighting
 + Level 4.6(6.2) Axes
 + Level 5.2(5.9) Maces & Flails
 + Level 5.6 Armour
 + Level 1.2 Dodging
 + Level 4.4 Shields


You had 6 spell levels left.
You didn't know any spells.
Your spell library was empty.

Dungeon Overview and Level Annotations

Branches:
Dungeon (5/15)             Temple (1/1) D:4

Altars:
Ashenzari
Cheibriados
Dithmenos
Elyvilon
Gozag
Hepliaklqana
Makhleb
Okawaru
Qazlal
Sif Muna
Wu Jian
Yredelemnul
Zin
The Shining One

Annotations:
D:5 3 runed translucent doors, FizzleBangTC's ghost, weakling MeEE; Pikel


Message History

Pikel is moderately wounded.
You hit the lemure. You completely miss the lemure.
You hit the lemure but do no damage. You block Pikel's attack.
The lemure barely misses you. You block the lemure's attack.
The lemure closely misses you. The lemure barely misses you.
Pikel hits you but does no damage. The lemure hits you but does no damage.
The lemure closely misses you.
You slash Pikel!
Pikel is heavily wounded.
You hit the lemure but do no damage. You hit the lemure. x2
The lemure barely misses you. Pikel barely misses you.
You block the lemure's attack. The lemure barely misses you.
You hit Pikel but do no damage.
Pikel is heavily wounded.
You slash the lemure! You hit the lemure. You slash the lemure!
The lemure hits you.
* * * LOW HITPOINT WARNING * * *
Pikel hits you with a +2 whip of flaming.
* * * LOW HITPOINT WARNING * * *
Pikel burns you.
* * * LOW HITPOINT WARNING * * *
You block the lemure's attack. The lemure hits you but does no damage.
You closely miss Pikel.
Pikel is heavily wounded.
You completely miss the lemure. You barely miss the lemure. You hit the lemure.
Pikel hits you with a +2 whip of flaming.
* * * LOW HITPOINT WARNING * * *
Pikel burns you.
* * * LOW HITPOINT WARNING * * *
The lemure hits you.
* * * LOW HITPOINT WARNING * * *
The lemure hits you but does no damage. The lemure hits you.
* * * LOW HITPOINT WARNING * * *
You barely miss Pikel.
Pikel is heavily wounded.
You closely miss the lemure. You hit the lemure but do no damage. x2
Pikel hits you but does no damage. The lemure hits you.
* * * LOW HITPOINT WARNING * * *
The lemure hits you but does no damage. The lemure hits you.
You die...

# ... .. #. #.##.
#.#+#.... ## #....... ...
#......##.###
#....W....... #.55K5#.....
#.#@5...... #.#........
#....###### ###..#.....
###### #..#..((.S.#.
#....# #..#S.#.#..#..# .
#....####..#o#...#.#..# ..
#..........#..#.#..#..##..
#..........#.......#..#...


You could see Pikel, 4 lemures and a phantom.

Vanquished Creatures
  Grinder (D:4)
  An ice beast (D:5)
  An ogre (D:5)
  2 scorpions (D:4)
  3 jellies (D:4)
  Jessica (D:3)
  2 orc wizards (D:4)
  4 adders
  5 worms
  3 dart slugs
  6 orcs
  12 ball pythons
  8 bats
  4 endoplasms
  3 giant cockroaches
  6 hobgoblins
  2 jackals (D:4)
  A frilled lizard (D:1)
  8 goblins
  10 kobolds
  4 rats (D:1)
87 creatures vanquished.

Vanquished Creatures (others)
  A plant (D:4)
1 creature vanquished.

Grand Total: 88 creatures vanquished

Notes
Turn   | Place    | Note
-------+----------+-------------------------------------------
     0 | D:1      | hbarley the Hill Orc Fighter began the quest for the Orb.
     0 | D:1      | Reached XP level 1. HP: 19/19 MP: 1/1
   318 | D:1      | Reached XP level 2. HP: 27/27 MP: 2/2
   413 | D:1      | Found a faded altar of an unknown god.
   627 | D:1      | Reached XP level 3. HP: 33/33 MP: 3/3
  1095 | D:2      | Identified the +10 mace "Doniqemi" {protect, Fly rElec
                  | Will-}
  1581 | D:2      | Found an iron altar of Okawaru.
  1796 | D:3      | Reached XP level 4. HP: 36/40 MP: 4/4
  1968 | D:3      | Identified the +1 buckler of Subjectivity {Str+3 SInv}
  2220 | D:3      | Noticed Jessica
  2224 | D:3      | Killed Jessica
  2225 | D:3      | Reached skill level 1 in Maces & Flails
  2276 | D:4      | Reached XP level 5. HP: 44/46 MP: 5/5
  2488 | D:4      | Found a burning altar of Makhleb.
  2522 | D:4      | Noticed Grinder
  2526 | D:4      | Paralysed by Grinder for 4 turns
  2534 | D:4      | Killed Grinder
  2535 | D:4      | Reached XP level 6. HP: 24/53 MP: 6/6
  2724 | D:4      | Found a staircase to the Ecumenical Temple.
  2743 | Temple   | Entered the Ecumenical Temple
  2967 | Temple   | Became a worshipper of Hepliaklqana the Forgotten
  3060 | D:4      | Reached XP level 7. HP: 56/60 MP: 7/7
  3296 | D:4      | Reached skill level 5 in Armour
  3611 | D:4      | Reached skill level 5 in Fighting
  3611 | D:4      | Reached skill level 1 in Dodging
  3877 | D:5      | Entered Level 5 of the Dungeon
  3968 | D:5      | Reached skill level 5 in Maces & Flails
  4286 | D:5      | Found a runed translucent gate.
  4286 | D:5      | Found a runed translucent gate.
  4288 | D:5      | Found a runed translucent gate.
  4291 | D:5      | Noticed FizzleBangTC's ghost (weakling MeEE)
  4318 | D:5      | Noticed Pikel
  4337 | D:5      | HP: 3/61 [lemure[Pikel] (2)]
  4338 | D:5      | Slain by a lemure

Illustrated notes

Levels and vault maps discovered:
D:1:      dpeg_arrival_tiny_f, layout_loops_ring,
          hellmonk_ecumenical_altar_blasted
D:2:      layout_basic, basic_altar
D:3:      layout_basic, hangedman_glass_teeth, nrook_mini_backslash,
          dk_noncrumbling_2, uniq_jessica
D:4:      layout_basic, general_overflow_altar, minmay_temple_entry_overgrown,
          serial_forest, infiniplex_forest_clump_tiny,
          infiniplex_forest_side_room, infiniplex_forest_lined_corner,
          infiniplex_forest_zigzag_1, infiniplex_forest_end_double,
          infiniplex_forest_end_1, hex_large, uniq_grinder
D:5:      layout_basic, kennysheep_mini_moat, gammafunk_ghost_split,
          minmay_shop_grid_forest, uniq_pikel
Temple:   hellmonk_temple_forest_ring

Skill      XL: |  1  2  3  4  5  6  7 |
---------------+----------------------+-----
Axes           | 3 4 |  4.6
Armour         | 4 5 |  5.6
Fighting       | 4 5 |  5.1
Maces & Flails | 1 3 4 5 |  5.2
Shields        | 4 |  4.4
Dodging        | 1 |  1.2

Action                   |  1- 3 |  4- 6 |  7- 9 || total
-------------------------+-------+-------+-------++-------
Melee: War axe           |    91 |       |    57 ||   148
       Mace              |    19 |    77 |    17 ||   113
Armor: Scale mail        |    66 |    26 |    48 ||   140
       Chain mail        |       |       |    29 ||    29
Dodge: Dodged            |    57 |    37 |    37 ||   131
Block: Buckler           |    33 |    26 |    16 ||    75
